 Dungeon Sprint DCSS version 0.21.0-24-g2553a33 (webtiles) character file.

7931 letownia2 the Brawler (level 11, -5/154 HPs)
             Began as a Troll Wizard on Jan 19, 2018.
             Was an Initiate of Ru.
             Slain by a demonic crawler (6 damage)
             ... in the Dungeon (Sprint I: "Red Sonja").
             The game lasted 00:07:35 (988 turns).

letownia2 the Brawler (Troll Wizard)                 Turns: 988, Time: 00:07:36

Health: -5/154     AC:  4    Str: 19    XL:     11   Next: 3%
Magic:  15/17      EV:  9    Int: 16    God:    Ru [......]
Gold:   942        SH:  0    Dex:  8    Spells: 11/20 levels left

rFire    . . .     SeeInvis .     - Unarmed
rCold    . . .     Gourm    +   (no shield)
rNeg     . . .     Faith    .   a - +0 robe
rPois    .         Spirit   .   b - +0 hat
rElec    .         Reflect  .   (no cloak)
rCorr    .         Harm     .   (gloves unavailable)
MR       .....     Rnd*Rage +   (boots unavailable) Stlth ..........NoTele +
                                (no amulet)
HPRegen  0.75/turn              (no ring)
MPRegen  0.15/turn              (no ring)

@: berserking (expiring), very quick
A: large, unfitting armour, claws 3, berserk 1, deformed body, fast metabolism
3, frail 1, gourmand, regeneration 1, shaggy fur 1, tough skin 2, weak 2
a: Sacrifice Experience, Sacrifice Artifice, Sacrifice Drink, Reject Sacrifices,
Renounce Religion


You were in the Dungeon.
You worshipped Ru.
Ru was noncommittal.
You were not hungry.

You visited 1 branch You collected 942 gold pieces.

Inventory:

Hand Weapons
 m - a +0 blowgun
Missiles
 n - 5 curare-tipped needles
Armour
 a - a +0 robe (worn)
 b - a +0 hat (worn)
Jewellery
 q - an uncursed amulet of faith {unknown}
Wands
 k - a wand of flame (15)
Scrolls
 j - a scroll of blinking
 o - a scroll of fog {unknown}
 p - 2 scrolls of amnesia {unknown}
 r - a scroll of enchant armour {unknown}
Potions
 e - 4 potions of curing
 f - a potion of heal wounds
 g - a potion of haste
 h - 2 potions of magic
 l - a potion of brilliance {unknown}
Books
 c - a book of Minor Magic

   Spells                             Type                      Level
   a - Magic Dart                     Conjuration                  1
   b - Blink                          Translocation                2
   c - Call Imp                       Summoning                    2
   d - Slow                           Hexes                        2
   e - Conjure Flame                  Conjuration/Fire             3
   f - Mephitic Cloud                 Conjuration/Poison/Air       3
Comestibles
 d - 3 rations


   Skills:
 - Level 9.3 Fighting
 - Level 1.5 Dodging
 - Level 1.0 Stealth
 + Level 19.0 Unarmed Combat
 - Level 5.1 Spellcasting
 - Level 6.5 Conjurations
   Level 0.6 Summonings
 - Level 3.0 Translocations
 - Level 2.2 Fire Magic
 - Level 2.6 Air Magic
 - Level 2.9 Poison Magic


You had 11 spell levels left.
You knew the following spells:

 Your Spells              Type           Power        Failure   Level  Hunger
a - Magic Dart            Conj           ####         1%          1    None
b - Blink                 Tloc           N/A          6%          2    #......
c - Conjure Flame         Conj/Fire      ###.....     8%          3    ###....
e - Mephitic Cloud        Conj/Pois/Air  ###.....     9%          3    ###....


Dungeon Overview and Level Annotations

Branches:
Dungeon (1/1)

Altars:
Cheibriados
Dithmenos
Elyvilon
Fedhas
Gozag
Hepliaklqana
Kikubaaqudgha
Makhleb
Nemelex Xobeh
Okawaru
Qazlal
Ru
Sif Muna
Trog
Uskayaw
Vehumet
Wu Jian
Xom
Yredelemnul
Zin
The Shining One
Jiyva
Lugonu

Shops:
D (([*%:[


Innate Abilities, Weirdness & Mutations

You are too large for most types of armour.
You have claws for hands.
Your metabolism is lightning-fast.
You like to eat raw meat.
Your natural rate of healing is unusually fast.
You are covered in fur. (AC +1)
You have very tough skin. (AC +2)
You tend to lose your temper in combat.
Armour fits poorly on your strangely shaped body.
You are frail. (-10% HP)
You are very weak. (Str -4)


Message History

You completely miss the demonic crawler.
Unknown command.
You claw the demonic crawler!
The demonic crawler is lightly wounded.
Unknown command.
You scratch the demonic crawler.
The demonic crawler is moderately wounded.
Unknown command.
You mangle the demonic crawler!!
The demonic crawler is severely wounded.
The demonic crawler barely misses you. The demonic crawler closely misses you.
The demonic crawler completely misses you.
Unknown command.
You mangle the demonic crawler!!
You kill the demonic crawler!
Your Unarmed Combat skill increases to level 19!
The demonic crawler hits you!
* * * LOW HITPOINT WARNING * * *
The demonic crawler hits you.
You die...

##################
(#).)..#__#..'...#
('..#(.'^.'..#).@#
'#####(#__####).†s..#
.#...#(####§§#####..+
##..##.#≈≈§§.#§§# +##
_##'#_.'§§§..†..#
..'..._#≈§§§§#§§#
_##_.#'##§#####+#
_###)#(#(..§###
####.####'###.##


You could see a demonic crawler.

Vanquished Creatures
  2 centaur warriors (D)
  Sonja (D)
  A deep troll (D)
  8 shining eyes (D)
  2 kobold demonologists (D)
  3 demonic crawlers (D)
  A slime creature (D)
  A hornet (D)
  Sigmund (D)
  A yak (D)
  5 floating eyes (D)
  An ogre (D)
  A jelly (D)
  Ijyb (D)
  2 ballistomycetes (D)
31 creatures vanquished.

Vanquished Creatures (others)
  A gargoyle (D)
  2 ballistomycete spores (D)
3 creatures vanquished.

Grand Total: 34 creatures vanquished

Notes
Turn   | Place    | Note
-------+----------+-------------------------------------------
     0 | D        | letownia2 the Troll Wizard began the quest for the Orb.
     0 | D        | Reached XP level 1. HP: 16/16 MP: 2/2
     2 | D        | Noticed Ijyb
    15 | D        | Killed Ijyb
    15 | D        | Reached skill level 4 in Unarmed Combat
    15 | D        | Reached XP level 2. HP: 19/29 MP: 4/4
    26 | D        | Learned a level 2 spell: Blink
    44 | D        | Noticed an ogre
    48 | D        | Killed an ogre
    48 | D        | Reached skill level 6 in Unarmed Combat
    48 | D        | Reached XP level 3. HP: 36/36 MP: 5/5
    48 | D        | Reached XP level 4. HP: 44/44 MP: 6/6
    54 | D        | Learned a level 3 spell: Mephitic Cloud
    70 | D        | Noticed Sigmund
    74 | D        | Killed Sigmund
    74 | D        | Reached skill level 8 in Unarmed Combat
    74 | D        | Reached XP level 5. HP: 37/50 MP: 3/7
    92 | D        | Found an ornate altar of the Wu Jian Council.
    92 | D        | Found a deep blue altar of Sif Muna.
    94 | D        | Found a radiant altar of Vehumet.
    98 | D        | Reached XP level 6. HP: 56/59 MP: 5/8
   106 | D        | Learned a level 3 spell: Conjure Flame
   119 | D        | Found Kaipn's General Store.
   119 | D        | Found an ancient bone altar of Kikubaaqudgha.
   119 | D        | Found a hazy altar of Hepliaklqana.
   119 | D        | Found a hide-covered altar of Uskayaw.
   119 | D        | Found a basalt altar of Yredelemnul.
   119 | D        | Found an opulent altar of Gozag.
   119 | D        | Found a snail-covered altar of Cheibriados.
   119 | D        | Found a sacrificial altar of Ru.
   119 | D        | Found a shadowy altar of Dithmenos.
   119 | D        | Noticed a yak
   126 | D        | Killed a yak
   127 | D        | Found a stormy altar of Qazlal.
   127 | D        | Found a blossoming altar of Fedhas.
   127 | D        | Found a bloodstained altar of Trog.
   127 | D        | Found an iron altar of Okawaru.
   127 | D        | Found a glowing golden altar of the Shining One.
   127 | D        | Found a glowing silver altar of Zin.
   127 | D        | Found a white marble altar of Elyvilon.
   128 | D        | Found a sparkling altar of Nemelex Xobeh.
   133 | D        | Became a worshipper of Ru the Awakened
   159 | D        | Found a viscous altar of Jiyva.
   159 | D        | Found a corrupted altar of Lugonu.
   159 | D        | Noticed a slime creature
   161 | D        | Found a burning altar of Makhleb.
   161 | D        | Found a shimmering altar of Xom.
   165 | D        | Killed a slime creature
   165 | D        | Reached skill level 10 in Unarmed Combat
   165 | D        | Reached XP level 7. HP: 71/71 MP: 5/10
   175 | D        | Noticed Sonja
   186 | D        | Killed Sonja
   186 | D        | Reached skill level 12 in Unarmed Combat
   186 | D        | Reached XP level 8. HP: 83/83 MP: 2/11
   256 | D        | Noticed a centaur warrior
   261 | D        | Noticed a centaur warrior
   406 | D        | Killed a centaur warrior
   406 | D        | Reached skill level 13 in Unarmed Combat
   424 | D        | Noticed a deep troll
   436 | D        | Killed a deep troll
   436 | D        | Reached skill level 14 in Unarmed Combat
   436 | D        | Reached XP level 9. HP: 69/97 MP: 6/12
   462 | D        | Paralysed by a floating eye for 2 turns
   473 | D        | Found Zewa's Armour Emporium.
   486 | D        | Paralysed by a hornet for 1 turns
   487 | D        | Reached skill level 15 in Unarmed Combat
   524 | D        | Found Ulyviut's Weapon Boutique.
   524 | D        | Noticed a shining eye
   524 | D        | Noticed a shining eye
   532 | D        | Killed a centaur warrior
   601 | D        | Killed a gargoyle
   640 | D        | Noticed a shining eye
   640 | D        | Gained mutation: Armour fits poorly on your strangely shaped body. [a shining eye]
   654 | D        | Gained mutation: You are weak. (Str -2) [a shining eye]
   655 | D        | Killed a shining eye
   655 | D        | Reached skill level 16 in Unarmed Combat
   664 | D        | Noticed a shining eye
   666 | D        | Gained mutation: Your magical capacity is low. (-10% MP) [a shining eye]
   670 | D        | Killed a shining eye
   670 | D        | Reached skill level 5 in Conjurations
   670 | D        | Reached XP level 10. HP: 107/107 MP: 5/13
   672 | D        | Paralysed by a floating eye for 2 turns
   688 | D        | Gained mutation: You are very weak. (Str -4) [a shining eye]
   690 | D        | Killed a shining eye
   698 | D        | Noticed a shining eye
   698 | D        | Noticed a shining eye
   698 | D        | Lost mutation: Your magical capacity is low. (-10% MP) [a shining eye]
   718 | D        | Gained mutation: You are frail. (-10% HP) [a shining eye]
   720 | D        | Killed a shining eye
   723 | D        | Killed a shining eye
   723 | D        | Reached skill level 5 in Spellcasting
   770 | D        | Gained mutation: You tend to lose your temper in combat. [a shining eye]
   774 | D        | Killed a shining eye
   774 | D        | Reached skill level 17 in Unarmed Combat
   791 | D        | Noticed a shining eye
   791 | D        | Noticed a shining eye
   817 | D        | Killed a shining eye
   874 | D        | Killed a shining eye
   890 | D        | Paralysed by a floating eye for 3 turns
   894 | D        | Reached skill level 18 in Unarmed Combat
   898 | D        | Found Aganwuh's Book Boutique.
   898 | D        | Found Coafiopp's Antique Armour Emporium.
   900 | D        | Found Mopoosui's Antique Weapon Shoppe.
   901 | D        | Found Quofunill's Food Shop.
   983 | D        | Reached XP level 11. HP: 8/103 MP: 15/17
   988 | D        | Reached skill level 19 in Unarmed Combat
   988 | D        | HP: 1/154 [demonic crawler (9)]
   988 | D        | Slain by a demonic crawler

Skill      XL: |  1  2  3  4  5  6  7  8  9 10 11 |
---------------+----------------------------------+-----
Fighting       | 2 4 6 8 9 |  9.3
Unarmed Combat | 4 6 8 10 12 14 16 18 19 | 19.0
Conjurations   | 3 4 5 6 |  6.5
Translocations | 3 |  3.0
Air Magic      | 2 |  2.6
Poison Magic   | 2 |  2.9
Spellcasting   | 3 4 5 |  5.1
Fire Magic     | 2 |  2.2
Dodging        | |  1.5
Stealth        | |  1.0
Summonings     | |  0.6

Action                   |  1- 3 |  4- 6 |  7- 9 | 10-12 || total
-------------------------+-------+-------+-------+-------++-------
Melee: Unarmed           |    14 |    12 |    28 |    43 ||    97
       Punch             |       |     1 |     2 |     7 ||    10
 Cast: Mephitic Cloud    |       |     1 |     6 |     1 ||     8
       Conjure Flame     |       |     2 |     6 |     7 ||    15
       Magic Dart        |       |     1 |       |       ||     1
Evoke: Wand              |     3 |       |     8 |       ||    11
  Use: Potion            |       |       |       |     1 ||     1
 Stab: Confused          |       |     1 |       |     1 ||     2
  Eat: Chunk             |       |       |    11 |       ||    11
Armor: Robe              |     6 |     1 |     1 |     1 ||     9
Dodge: Dodged            |     3 |     5 |     4 |     8 ||    20
